 Dungeon Sprint DCSS version 0.22-a0-136-g83a10e5 (webtiles) character file.

620 esc the Cleaver (level 7, -6/72 HPs)
             Began as a Hill Orc Fighter on Apr 19, 2017.
             Was a Follower of Lugonu.
             Mangled by a sun demon (15 damage)
             ... summoned by a kobold demonologist
             ... in the Dungeon (Sprint I: "Red Sonja") on Feb 2, 2018.
             The game lasted 00:05:47 (837 turns).

esc the Cleaver (Hill Orc Fighter)                   Turns: 837, Time: 00:05:48

Health: -6/72      AC:  8    Str: 19    XL:     7   Next: 46%
Magic:  7/7        EV:  8    Int:  8    God:    Lugonu [*.....]
Gold:   417        SH: 11    Dex: 12    Spells: 6/6 levels left

rFire    . . .     SeeInvis .   a - +0 war axe
rCold    . . .     Gourm    .   c - +0 shield
rNeg     . . .     Faith    .   b - +0 scale mail
rPois    .         Spirit   .   (no helmet)
rElec    .         Reflect  .   (no cloak)
rCorr    .         Harm     .   (no gloves)
MR       .....     NoTele   +   (no boots)
Stlth    ..........             (no amulet)
HPRegen  0.22/turn              (no ring)
MPRegen  0.10/turn              (no ring)

@: no status effects
A: no striking features
a: Renounce Religion


You were in the Dungeon.
You worshipped Lugonu.
Lugonu was aware of your devotion.
You were not hungry.

You visited 1 branch You collected 417 gold pieces.

Inventory:

Hand Weapons
 a - a +0 war axe (weapon)
Armour
 b - a +0 scale mail (worn)
 c - a +0 shield (worn)
 l - a +0 leather armour
   (You took it off Ijyb in the Dungeon)
Scrolls
 k - a scroll of blinking {!r}
Potions
 d - a potion of might
 e - a potion of lignification {unknown}
 h - a potion of haste
 i - 2 potions of magic
Comestibles
 f - a ration {@e1}


   Skills:
 + Level 10.1 Fighting
 + Level 10.5 Axes
 + Level 9.2 Armour
 + Level 9.2 Shields


You had 6 spell levels left.
You didn't know any spells.

Dungeon Overview and Level Annotations

Branches:
Dungeon (1/1)

Altars:
Cheibriados
Dithmenos
Elyvilon
Fedhas
Gozag
Hepliaklqana
Kikubaaqudgha
Makhleb
Nemelex Xobeh
Okawaru
Qazlal
Ru
Sif Muna
Trog
Uskayaw
Vehumet
Wu Jian
Xom
Yredelemnul
Zin
The Shining One
Jiyva
Lugonu

Shops:
D %


Message History

You take 2 damage, and have 58/70 hp.
You barely miss the slime creature. You block the slime creature's attack.
Here: a slime creature (lightly wounded)
The floor.
Unknown command.
You hit the slime creature. You block the slime creature's attack.
You hit the slime creature. You block the slime creature's attack.
You hit the slime creature. The slime creature hits you!
You take 12 damage, and have 46/70 hp.
You hit the slime creature. The slime creature hits you!
You take 15 damage, and have 31/70 hp.
MASSIVE DAMAGE!!
You barely miss the slime creature. The slime creature hits you.
You take 1 damage, and have 30/70 hp.
You hit the slime creature. You block the slime creature's attack.
The slime creature closely misses you.
You hit the slime creature. You block the slime creature's attack.
You hit the slime creature. The slime creature closely misses you.
You hit the slime creature but do no damage.
The slime creature barely misses you.
You slash the slime creature! The slime creature hits you.
You take 6 damage, and have 25/70 hp.
You slash the slime creature! The slime creature hits you.
You take 2 damage, and have 23/70 hp.
You hit the slime creature but do no damage.
You block the slime creature's attack.
You slash the slime creature!
The slime creature hits you but does no damage.
You hit the slime creature. The slime creature barely misses you.
You slash the slime creature!
The slime creature hits you but does no damage.
You hit the slime creature.
You kill the slime creature!
Your Fighting skill increases to level 10!
Your Axes skill increases to level 10!
Your Armour skill increases to level 9!
Your Shields skill increases to level 9!
There is an open door here.
There is a corrupted altar of Lugonu here.
You kneel at the altar of Lugonu.
Lugonu welcomes you!
You start resting.
All of the chunks of flesh in your inventory have rotted away.
Health restored: 72 You open the door.
There is an open door here.
You now have 324 gold pieces (gained 27).
You now have 351 gold pieces (gained 27).
You now have 378 gold pieces (gained 27).
You now have 405 gold pieces (gained 27).
Okay, then.
There is an open door here.
There is an open door here.
There is an open door here.
You see here 17 sling bullets.
There is a deep blue altar of Sif Muna here.
You open the door.
There is an open door here.
You now have 417 gold pieces (gained 12).
There is an open door here.
You see here 17 sling bullets.
There is an open door here.
There is an open door here.
There is an open door here.
You open the door.
A kobold demonologist comes into view. It is wielding a dagger.
The kobold demonologist shouts!
You hear a shout!
A floating eye comes into view.
The floating eye moves out of view.
A kobold demonologist comes into view. It is wielding a dagger.
You hit the kobold demonologist.
The kobold demonologist moves out of view.
The kobold demonologist hits you but does no damage.
You completely miss the kobold demonologist.
The kobold demonologist mumbles some strange words.
Your scale mail prevents you from hitting the kobold demonologist.
You hit the sun demon.
The kobold demonologist looks braver for a moment.
The sun demon hits you!
You are engulfed in flames!
You take 33 damage, and have 39/72 hp.
MASSIVE DAMAGE!!
You slash the kobold demonologist! You hit the sun demon but do no damage.
The kobold demonologist mumbles some strange words.
You block the sun demon's attack.
You block the kobold demonologist's attack.
You hit the kobold demonologist. You slash the sun demon!
The sun demon hits you!
You are engulfed in flames!
* * * LOW HITPOINT WARNING * * *
You take 19 damage, and have 20/72 hp.
MASSIVE DAMAGE!!
You miss the kobold demonologist. You hit the floating eye.
You hit the sun demon but do no damage. The sun demon closely misses you.
The kobold demonologist hits you but does no damage.
The floating eye's view fixates on you.
You hit the kobold demonologist. You hit the floating eye.
You closely miss the sun demon. You block the sun demon's attack.
The kobold demonologist hits you but does no damage.
The sun demon hits you!
* * * LOW HITPOINT WARNING * * *
You are engulfed in flames!
You die...

######################
..)..#..'..#__#3KG4..#
..#..').#..'..'.@#
####'#####'#__####
###..#...#.####
__####..##(#
_____##'#_.+
_.∩...'..._#
_..__##_.#'#
_____###+#.# ######
###


You could see a sun demon, a rust devil, a kobold demonologist and a floating
eye.

Vanquished Creatures
  A slime creature (D)
  Sigmund (D)
  A yak (D)
  An ogre (D)
  A jelly (D)
  Ijyb (D)
6 creatures vanquished.

Vanquished Creatures (others)
  A gargoyle (D)
1 creature vanquished.

Grand Total: 7 creatures vanquished

Notes
Turn   | Place    | Note
-------+----------+-------------------------------------------
     0 | D        | esc the Hill Orc Fighter began the quest for the Orb.
     0 | D        | Reached XP level 1. HP: 19/19 MP: 1/1
     0 | D        | Upgraded the game from 0.20-a0-1025-g4706f7e to 0.22-a0-136-g83a10e5
     1 | D        | Noticed Ijyb
    15 | D        | Killed Ijyb
    15 | D        | Reached skill level 5 in Fighting
    15 | D        | Reached skill level 4 in Axes
    15 | D        | Reached skill level 4 in Armour
    15 | D        | Reached skill level 4 in Shields
    15 | D        | Reached XP level 2. HP: 23/29 MP: 2/2
    15 | D        | Reached XP level 3. HP: 28/36 MP: 3/3
    88 | D        | Noticed an ogre
    92 | D        | Killed an ogre
    92 | D        | Reached skill level 6 in Fighting
    92 | D        | Reached skill level 6 in Axes
    92 | D        | Reached skill level 6 in Armour
    92 | D        | Reached skill level 6 in Shields
    92 | D        | Reached XP level 4. HP: 44/45 MP: 4/4
   187 | D        | Noticed Sigmund
   195 | D        | HP: 9/45 [Sigmund/puff of flame (9)]
   197 | D        | Killed a gargoyle
   204 | D        | HP: 3/45 [Sigmund/scythe (11)]
   207 | D        | Killed Sigmund
   207 | D        | Reached skill level 8 in Fighting
   207 | D        | Reached skill level 8 in Axes
   207 | D        | Reached skill level 7 in Armour
   207 | D        | Reached skill level 7 in Shields
   207 | D        | Reached XP level 5. HP: 4/55 MP: 5/5
   207 | D        | Reached XP level 6. HP: 5/62 MP: 6/6
   502 | D        | Found an ornate altar of the Wu Jian Council.
   502 | D        | Found a deep blue altar of Sif Muna.
   504 | D        | Found a radiant altar of Vehumet.
   528 | D        | Found Muock's Food Emporium.
   528 | D        | Found an ancient bone altar of Kikubaaqudgha.
   528 | D        | Found a hazy altar of Hepliaklqana.
   528 | D        | Found a stormy altar of Qazlal.
   528 | D        | Found a hide-covered altar of Uskayaw.
   528 | D        | Found a blossoming altar of Fedhas.
   528 | D        | Found a bloodstained altar of Trog.
   528 | D        | Found an iron altar of Okawaru.
   528 | D        | Found a basalt altar of Yredelemnul.
   528 | D        | Found a glowing golden altar of the Shining One.
   528 | D        | Found a snail-covered altar of Cheibriados.
   528 | D        | Found a sacrificial altar of Ru.
   528 | D        | Found a glowing silver altar of Zin.
   528 | D        | Found a shadowy altar of Dithmenos.
   528 | D        | Found a white marble altar of Elyvilon.
   528 | D        | Noticed a yak
   533 | D        | Killed a yak
   533 | D        | Reached skill level 9 in Fighting
   533 | D        | Reached skill level 9 in Axes
   533 | D        | Reached skill level 8 in Armour
   533 | D        | Reached skill level 8 in Shields
   533 | D        | Reached XP level 7. HP: 70/70 MP: 7/7
   534 | D        | Found an opulent altar of Gozag.
   537 | D        | Found a sparkling altar of Nemelex Xobeh.
   551 | D        | Found a viscous altar of Jiyva.
   551 | D        | Found a corrupted altar of Lugonu.
   551 | D        | Noticed a slime creature
   552 | D        | Found a burning altar of Makhleb.
   552 | D        | Found a shimmering altar of Xom.
   576 | D        | Killed a slime creature
   576 | D        | Reached skill level 10 in Fighting
   576 | D        | Reached skill level 10 in Axes
   576 | D        | Reached skill level 9 in Armour
   576 | D        | Reached skill level 9 in Shields
   581 | D        | Became a worshipper of Lugonu the Unformed
   581 | D        | Reached * piety under Lugonu
   828 | D        | Noticed a kobold demonologist
   831 | D        | Noticed a kobold demonologist
   833 | D        | Noticed a sun demon
   835 | D        | Noticed a rust devil
   837 | D        | HP: 9/72 [sun demon[a kobold demonologist] (12)]
   837 | D        | Mangled by a sun demon

Vault maps used:
D:        dungeon_sprint_1

Skill      XL: |  1  2  3  4  5  6  7 |
---------------+----------------------+-----
Fighting       | 5 6 8 9 10 | 10.1
Axes           | 4 6 8 9 10 | 10.5
Armour         | 4 6 7 8 9 |  9.2
Shields        | 4 6 7 8 9 |  9.2

Action                   |  1- 3 |  4- 6 |  7- 9 || total
-------------------------+-------+-------+-------++-------
Melee: War axe           |    16 |    22 |    30 ||    68
  Use: Potion            |     1 |     2 |       ||     3
Armor: Scale mail        |     7 |     5 |     4 ||    16
Dodge: Dodged            |     4 |     1 |     5 ||    10
Block: Shield            |     5 |     6 |    11 ||    22

Table legend:
 A = Spawn XP
 B = Non-spawn XP
 C = Spawn XP percentage of total XP
 D = Spawn monster count
 E = Non-spawn monster count
 F = Spawn count percentage of total count
 G = Total turns spent on level
                    A         B        C        D         E        F      G
               +---------+---------+-------+---------+---------+-------+---------
         Total |       0 |       0 |   N/A |       0 |       0 |   N/A |   837
               +---------+---------+-------+---------+---------+-------+---------
               +---------+---------+-------+---------+---------+-------+---------

Vault maps used:
D:        dungeon_sprint_1

Table legend:
 A = Turns spent in this place as a percentage of turns spent in the entire game.
 B = Non-inter-level travel turns spent in this place as a percentage of non-inter-level travel turns spent in the entire game.
 C = Inter-level travel turns spent in this place as a percentage of turns spent in this place.
 D = Turns resting spent in this place as a percentage of non-inter-level travel turns spent in this place.
 E = Turns spent auto-exploring this place as a percentage of non-inter-level travel turns spent in this place.
 F = Non-inter-level travel turns spent in this place divided by the number of levels of this place that you've seen.
                   A       B       C       D       E      F
               +-------+-------+-------+-------+-------+----------------------
         Total | 100.0 | 100.0 |   0.0 |  73.5 |   0.0 | 839.0
       Dungeon | 100.0 | 100.0 |   0.0 |  73.5 |   0.0 | 839.0
               +-------+-------+-------+-------+-------+----------------------

Table legend:
 A = Kills in this place as a percentage of kills in entire the game.
 B = Kills by you in this place as a percentage of kills by you in the entire game.
 C = Kills by friends in this place as a percentage of kills by friends in the entire game.
 D = Other kills in this place as a percentage of other kills in the entire game.
 E = Experience gained in this place as a percentage of experience gained in the entire game.
 F = Experience gained in this place divided by the number of levels of this place that you have seen.
                   A       B       C       D       E      F
               +-------+-------+-------+-------+-------+----------------------
         Total | 100.0 | 100.0 |   N/A |   N/A | 100.0 | 887.0
       Dungeon | 100.0 | 100.0 |   N/A |   N/A | 100.0 | 887.0
               +-------+-------+-------+-------+-------+----------------------
